 Dungeon Crawl Stone Soup version 0.31.0-10-gcf4a605ca0 (webtiles) character file.

Game seed: 9790166505975216992

5409 Maffolandro the Slicer (level 10, 0/76 HPs)
             Began as a Human Wanderer on Jan 25, 2024.
             Was a Priest of Wu Jian.
             Slain by a two-headed ogre
             ... wielding a +0 giant club
              (17 damage)
             ... on level 9 of the Dungeon.
             The game lasted 00:37:41 (10397 turns).

Maffolandro the Slicer (Human Wanderer)            Turns: 10397, Time: 00:37:41

Health: 0/76       AC:  8    Str: 12    XL:     10   Next: 67%
Magic:  7/16       EV: 11    Int: 16    God:    Wu Jian [***...]
Gold:   117        SH:  7    Dex: 20    Spells: 12/17 levels left

rFire   + . .        a - +0 dagger (venom)
rCold   + . .        Q - +2 buckler "Ehiony" {rF+ Will+}
rNeg    . . .        M - +0 acid dragon scales
rPois   .            (no helmet)
rElec   .            (no cloak)
rCorr   +            d - +0 pair of gloves
SInv    .            (no boots)
Will    +....        (no amulet)
Stlth   ++           l - +6 ring of dexterity
HPRegen 0.32/turn    o - ring of protection from cold
MPRegen 0.15/turn

%: no passive effects
@: serpent's lash
A: explore regen
a: Renounce Religion, Wall Jump, Serpent's Lash


You were on level 9 of the Dungeon.
You worshipped Wu Jian.
Wu Jian was most pleased with you.
You visited 1 branch of the dungeon, and saw 9 of its levels.
You also visited: Sewer.

You collected 526 gold pieces.
You spent 409 gold pieces at shops.

Inventory:

Hand Weapons
 a - a +0 dagger of venom (weapon)
 b - a +0 heavy rapier
Missiles
 r - 3 boomerangs (quivered)
 A - a throwing net
 H - 12 poisoned darts
 J - 5 javelins
Armour
 d - a +0 pair of gloves (worn)
 D - a +0 troll leather armour {Pargi}
 K - the +0 chain mail of Poywk {rCorr Str+3}
   (You found it on level 6 of the Dungeon)

   Str+3:     It affects your strength (+3).
   rCorr:     It protects you from acid and corrosion.
 M - +0 acid dragon scales (worn)
 Q - the +2 buckler "Ehiony" (worn) {rF+ Will+}
   (You bought it in a shop on level 7 of the Dungeon)

   rF+:       It protects you from fire.
   Will+:     It increases your willpower.
Jewellery
 l - a +6 ring of dexterity (left hand)
 o - a ring of protection from cold (right hand)
 u - a ring of ice
Wands
 c - a wand of light (5)
 i - a wand of paralysis (9)
 w - a wand of flame (88)
 y - a wand of mindburst (20)
 F - a wand of iceblast (3)
Scrolls
 f - 2 scrolls of noise {unknown}
 k - 3 scrolls of enchant weapon {unknown}
 m - a scroll of amnesia
 p - a scroll of enchant armour
 q - 3 scrolls of fog
 t - 3 scrolls of teleportation {unknown}
 v - 3 scrolls of vulnerability {unknown}
 B - 2 scrolls of fear {unknown}
 E - a scroll of immolation
 G - 2 scrolls of revelation
 I - a scroll of blinking
 L - 3 scrolls of silence {unknown}
 P - a scroll of brand weapon
Potions
 e - a potion of attraction
 g - a potion of invisibility
 h - 4 potions of curing
 j - 2 potions of might {unknown}
 n - 3 potions of brilliance {unknown}
 s - a potion of heal wounds
 x - 3 potions of haste
 C - a potion of berserk rage
 N - a potion of lignification {unknown}
 O - a potion of mutation {unknown}


   Skills:
 - Level 6.0 Fighting
 - Level 10.8 Short Blades
 - Level 4.0 Armour
 - Level 2.0 Dodging
 - Level 2.0 Stealth
 - Level 2.0 Shields
 - Level 4.0 Spellcasting
 + Level 5.4 Conjurations
 * Level 3.6 Air Magic
 - Level 4.0 Alchemy


You had 12 spell levels left.
You knew the following spells:

 Your Spells              Type           Power      Damage    Failure   Level
a - Mercury Vapours       Alch/Air       30%        N/A       11%         2
b - Mephitic Cloud        Conj/Alch/Air  17%        N/A       17%         3

Your spell library contained the following spells:

 Spells                   Type           Power      Damage    Failure   Level
 Scorch                   Fire           6%         2d5       45%         2
 Ozocubu's Armour         Ice            3%         N/A       71%         3
 Tukima's Dance           Hex            3%         N/A       71%         3
 Flame Wave               Conj/Fire      12%        2d6       73%         4
 Freezing Cloud           Conj/Ice/Air   6%         6-21      95%         5
 Passage of Golubria      Tloc           3%         N/A       98%         4
 Yara's Violent Unravell  Hex/Alch       4%         3d4       99%         5
 Metabolic Englaciation   Hex/Ice        1%         N/A       100%        5
 Sculpt Simulacrum        Ice/Alch       4%         N/A       100%        6
 Summon Cactus Giant      Summ           1%         N/A       100%        6


Dungeon Overview and Level Annotations

Branches:
Dungeon (9/15)             Temple (0/1) D:4            Lair (0/5) D:8
  Sewer (visited)
    Orc: D:9-12

Altars:
Dithmenos
Makhleb
Wu Jian

Shops:
D:5 =   D:7 [

Annotations:
D:4 3 runed translucent doors, dvdksn's ghost, amateur GnHu
D:9 1 runed translucent door, exclusion: door


Innate Abilities, Weirdness & Mutations

You regain HP and MP as you explore.


Message History

The two-headed ogre is severely wounded.
You hit the two-headed ogre but do no damage.
The two-headed ogre is severely wounded.
The two-headed ogre hits you with a +0 giant club!!
The two-headed ogre hits you but does no damage.
You hit the two-headed ogre.
The two-headed ogre is severely wounded.
Your muscles tense, ready for explosive movement...
There's nothing to open nearby.
Unknown command.
Casting: Mercury Vapours (safe; 11% risk of failure)
Confirm with . or Enter, or press ? or * to list all spells.
Aiming: Mephitic Cloud (dangerous; 17% risk of failure)
Press: ? - help, Shift-Dir - straight line, f/p - two-headed ogre
Aim: a two-headed ogre, wielding two +0 giant clubs (severely wounded, extremely poisoned, chance to affect: 53%)
The ball explodes into a vile cloud!
The stinking cloud engulfs the two-headed ogre.
The two-headed ogre is severely wounded.
The stinking cloud engulfs the killer bee.
You hear a shout! x2
The killer bee is engulfed in noxious fumes.
The killer bee appears confused.
The killer bee closely misses the two-headed ogre.
The two-headed ogre is engulfed in noxious fumes.
The killer bee is engulfed in noxious fumes.
The killer bee appears confused.
You hear a shout!
Unknown command.
Unknown command.
You barely miss the two-headed ogre.
The two-headed ogre is severely wounded.
You hear a shout!
The killer bee is engulfed in noxious fumes.
The killer bee appears confused.
The killer bee barely misses the two-headed ogre.
The two-headed ogre is engulfed in noxious fumes.
The two-headed ogre hits you with a +0 giant club!
* * * LOW HITPOINT WARNING * * *
The two-headed ogre hits you with a +0 giant club!
You die...

##.......)######
#.....).........
#...............
#...............
#..........##### #######
#..........#.... .......
##..............
.......#####..........#....
......y§yO@................
..###############..........
#........<. #..........
#....###### #...## ##.
#...# ##.. ###.## #..#
#...###.##


You could see a two-headed ogre (extremely poisoned) and 2 killer bees.

Vanquished Creatures
  A boulder beetle (D:9)
  A tengu conjurer (D:8)
  A hornet (D:9)
  A wraith (D:6)
  A steam dragon (D:8)
  4 yaks (D:8)
  2 acid dragons
  2 water moccasins
  Duvessa (D:7)
  Pargi (Sewer)
  A sky beast (D:6)
  An orc warrior (D:8)
  3 ice beasts
  5 centaurs
  3 phantoms
  2 kobold brigands
  Blork the orc (D:6)
  3 bullfrogs
  A gnoll sergeant (D:7)
  A brain worm (Sewer)
  4 scorpions
  Dowan (D:7)
  5 killer bees
  2 howler monkeys
  4 jellies
  A bombardier beetle (D:3)
  2 hounds
  A gnoll bouda (D:5)
  4 iguanas
  Ijyb (D:4)
  Terence (D:3)
  An orc wizard (D:9)
  10 adders
  13 gnolls
  A shadow imp (D:6)
  2 white imps
  A dart slug (D:3)
  3 ribbon worms
  13 orcs
  13 bats
  2 endoplasms
  5 giant cockroaches
  7 hobgoblins
  4 jackals (D:2)
  2 quokkas
  5 ball pythons
  9 frilled lizards
  4 goblins
  12 kobolds
  5 rats
174 creatures vanquished.

Notes
Turn   | Place    | Note
-------+----------+-------------------------------------------
     0 | D:1      | Maffolandro the Human Wanderer began the quest for the Orb.
     0 | D:1      | Maffolandro set off with the following items: a +0 club, 2
                  | scrolls of fog, a +0 scale mail, a +2 buckler.
     0 | D:1      | Reached XP level 1. HP: 16/16 MP: 1/1
   180 | D:1      | Reached XP level 2. HP: 19/23 MP: 2/2
   974 | D:2      | Reached XP level 3. HP: 28/29 MP: 3/3
  1551 | D:2      | Reached skill level 1 in Short Blades
  1551 | D:2      | Reached XP level 4. HP: 22/37 MP: 4/4
  1894 | D:3      | Noticed Terence
  2167 | D:3      | Reached skill level 2 in Short Blades
  2209 | D:3      | Found a faded altar of an unknown god.
  2224 | D:3      | Prayed at the altar of an unknown god.
  2224 | D:3      | Became a worshipper of the Wu Jian Council
  2224 | D:3      | Reached * piety under Wu Jian
  2567 | D:3      | Reached skill level 3 in Short Blades
  2567 | D:3      | Reached XP level 5. HP: 40/42 MP: 5/5
  3058 | D:4      | Reached skill level 4 in Short Blades
  3195 | D:4      | Found a staircase to the Ecumenical Temple.
  3338 | D:4      | Found a runed translucent gate.
  3338 | D:4      | Found a runed translucent gate.
  3338 | D:4      | Found a runed translucent gate.
  3343 | D:4      | Noticed dvdksn's ghost (amateur GnHu)
  3349 | D:4      | Noticed Ijyb
  3367 | D:4      | Killed Ijyb
  3368 | D:4      | Reached XP level 6. HP: 20/48 MP: 6/6
  3659 | D:4      | Found an ornate altar of the Wu Jian Council.
  3984 | D:3      | Killed Terence
  4111 | D:5      | Entered Level 5 of the Dungeon
  4147 | D:5      | Reached ** piety under Wu Jian
  4201 | D:5      | Reached skill level 5 in Short Blades
  4556 | D:5      | Reached XP level 7. HP: 52/54 MP: 7/7
  4572 | D:5      | Reached skill level 6 in Short Blades
  4621 | D:5      | Found Ecemeob's Jewellery Emporium.
  4734 | D:5      | Found a glowing drain.
  4761 | Sewer    | Entered a sewer
  4853 | Sewer    | Noticed Pargi
  4870 | Sewer    | Killed Pargi
  4871 | Sewer    | Reached skill level 7 in Short Blades
  5161 | D:6      | Noticed Blork the orc
  5175 | D:6      | Killed Blork the orc
  5234 | D:6      | Reached skill level 8 in Short Blades
  5234 | D:6      | Reached XP level 8. HP: 60/60 MP: 8/8
  5573 | D:6      | Reached skill level 9 in Short Blades
  5788 | D:6      | Noticed a wraith
  5845 | D:6      | Killed a wraith
  6095 | D:6      | Reached skill level 10 in Short Blades
  6308 | D:6      | Reached XP level 9. HP: 65/65 MP: 9/9
  6383 | D:6      | Identified the +0 chain mail of Poywk {rCorr Str+3}
  6457 | D:6      | Found a shadowy altar of Dithmenos.
  6725 | D:7      | HP: 3/65 [water moccasin (5)]
  6726 | D:7      | HP: 1/65 [poisoned by a water moccasin]
  6727 | D:7      | Reached skill level 1 in Dodging
  7188 | D:7      | Learned a level 3 spell: Mephitic Cloud
  7279 | D:7      | Reached skill level 5 in Fighting
  7305 | D:7      | Reached skill level 1 in Conjurations
  7365 | D:7      | Reached *** piety under Wu Jian
  7410 | D:7      | Found Radees's Armour Shop.
  7436 | D:7      | Bought the +2 buckler "Ehiony" {rF+ Will+} for 409 gold
                  | pieces
  7492 | D:7      | Noticed Duvessa
  7495 | D:7      | Noticed Dowan
  7496 | D:7      | Killed Duvessa
  7982 | D:7      | Reached skill level 1 in Alchemy
  8040 | D:7      | Learned a level 2 spell: Mercury Vapours
  8434 | D:8      | Noticed a death yak
  8469 | D:8      | Reached skill level 1 in Spellcasting
  8469 | D:8      | Reached XP level 10. HP: 76/76 MP: 11/11
  8844 | D:8      | Noticed a death yak
  9002 | D:8      | Noticed a death yak
  9313 | D:7      | Killed Dowan
  9314 | D:7      | Reached skill level 1 in Air Magic
  9483 | D:8      | Found a staircase to the Lair.
  9748 | D:9      | Found a runed translucent door.
  9749 | D:9      | Found a burning altar of Makhleb.
  9749 | D:9      | Noticed a sixfirhy
  9754 | D:9      | Noticed a boulder beetle
  9777 | D:9      | Killed a boulder beetle
  9778 | D:9      | Reached skill level 5 in Conjurations
  9915 | D:9      | Paralysed by a hornet for 2 turns
 10370 | D:9      | Noticed a two-headed ogre
 10397 | D:9      | Slain by a two-headed ogre

Illustrated notes

Levels and vault maps discovered:
D:1:      dpeg_arrival_arbitrary_b, layout_loops_ring
D:2:      layout_basic, minmay_lizard_king
D:3:      layout_basic, ebering_ecumenical_altar_hall, uniq_terence
D:4:      layout_cave_pools, mainiacjoe_overflow_alcove_2,
          minmay_temple_entry_hall, ebering_ghost_rock_garden, kennysheep_boxes,
          uniq_ijyb
D:5:      layout_basic, serial_shops, nicolae_shop_trees,
          cheibrodos_sewer_entry_bend
D:6:      layout_loops_ring, nicolae_dithmenos_the_darkroom, serial_glass,
          glass_columns_c, glass_columns_b, dreamdust_princess_corridor,
          uniq_blork_the_orc
D:7:      layout_loops_ring, serial_shops, nicolae_lakefront_shop,
          minmay_misc_feat_diagonals, uniq_duvessa
D:8:      layout_rooms, dpeg_lair_monsters, minmay_microvault
D:9:      wander_kiku_kobolds, layout_rooms, nzn_makhleb_speed_demon,
          marbit_many_paths, nzn_sisyphean_effort

Skill      XL: |  1  2  3  4  5  6  7  8  9 10 |
---------------+-------------------------------+-----
Fighting       | 3 4 6 |  6.0
Short Blades   | 1 3 4 5 8 10 | 10.8
Dodging        | 2 |  2.0
Conjurations   | 3 5 |  5.4
Alchemy        | 4 |  4.0
Spellcasting   | 1 4 |  4.0
Air Magic      | 3 |  3.6
Armour         | |  4.0
Stealth        | |  2.0
Shields        | |  2.0

Action                     |  1- 3 |  4- 6 |  7- 9 | 10-12 || total
---------------------------+-------+-------+-------+-------++-------
  Melee: Club              |    74 |       |       |       ||    74
         Spear             |    59 |       |       |       ||    59
         Rapier            |    42 |   101 |   108 |       ||   251
         Dagger            |       |   115 |   517 |   217 ||   849
   Cast: Mercury Vapours   |       |       |       |    27 ||    27
         Mephitic Cloud    |       |       |       |     1 ||     1
 Invoke: Serpent's Lash    |       |       |       |     3 ||     3
Ability: Lunge             |       |    15 |    30 |     9 ||    54
         Whirlwind         |       |    20 |    40 |    18 ||    78
         Wall Jump         |       |       |     6 |     4 ||    10
  Evoke: Wand              |       |       |     7 |       ||     7
    Use: Scroll            |       |       |     8 |     2 ||    10
         Potion            |       |       |     1 |       ||     1
   Stab: Sleeping          |       |       |     2 |       ||     2
 Armour: Scale mail        |   118 |    98 |       |       ||   216
         Chain mail        |       |    28 |   208 |       ||   236
         Acid dragon scale |       |       |    81 |    80 ||   161
  Dodge: Dodged            |    72 |    50 |    99 |    61 ||   282
  Block: Buckler           |    49 |    56 |   114 |    35 ||   254
